 Dungeon Crawl Stone Soup version 0.21.1-1-g345015f (webtiles) character file.

12471 equalderp2856 the Cleaver (level 11, -2/97 HPs)
             Began as a Minotaur Fighter on May 9, 2018.
             Slain by an orc knight
             ... wielding a +0 great sword
              (18 damage)
             ... on level 10 of the Dungeon.
             The game lasted 00:26:28 (18576 turns).

equalderp2856 the Cleaver (Minotaur Fighter)       Turns: 18576, Time: 00:26:29

Health: -2/97      AC: 17    Str: 22    XL:     11   Next: 62%
Magic:  10/10      EV:  8    Int:  6    God:
Gold:   643        SH: 12    Dex: 11    Spells: 10/10 levels left

rFire    . . .     SeeInvis .   a - +0 war axe
rCold    . . .     Gourm    .   c - +0 shield
rNeg     . . .     Faith    .   W - +0 plate armour
rPois    .         Spirit   .   (helmet restricted)
rElec    .         Reflect  .   R - +0 cloak
rCorr    .         Harm     .   I - +0 pair of gloves
MR       .....                  (no boots)
Stlth    ..........             (no amulet)
HPRegen  0.26/turn              (no ring)
MPRegen  0.12/turn              (no ring)

@: no status effects
A: retaliatory headbutt, horns 2
a: no special abilities


You were on level 10 of the Dungeon.
You were hungry.

You visited 2 branches of the dungeon, and saw 11 of its levels.

You collected 643 gold pieces.

Inventory:

Hand Weapons
 a - a +0 war axe (weapon)
 w - a +0 trident
Armour
 b - a +0 scale mail
 c - a +0 shield (worn)
 I - a +0 pair of gloves (worn)
 N - a scarf of resistance
 R - a +0 cloak (worn)
 S - a +0 buckler of protection
 W - a +0 plate armour (worn)
Jewellery
 e - a +3 ring of strength {unknown}
 n - a cursed amulet of inaccuracy {unknown}
 q - a cursed +3 ring of evasion {unknown}
Wands
 J - a wand of iceblast (6)
 K - a wand of paralysis (14)
 L - a wand of enslavement (3)
 T - a wand of scattershot (5)
 U - a wand of digging (9)
Scrolls
 g - 6 scrolls of noise {unknown}
 i - 3 scrolls of enchant armour {unknown}
 l - 3 scrolls of magic mapping {unknown}
 o - a scroll of brand weapon {unknown}
 p - 6 scrolls of fear {unknown}
 r - 4 scrolls of teleportation {unknown}
 v - 2 scrolls of blinking {unknown}
 x - 6 scrolls of remove curse {unknown}
 y - 14 scrolls of identify {unknown}
 B - 3 scrolls of random uselessness {unknown}
 C - a scroll of enchant weapon {unknown}
 D - a scroll of vulnerability {unknown}
 E - 6 scrolls of amnesia {unknown}
 G - a scroll of immolation {unknown}
 O - a scroll of torment {unknown}
 P - 4 scrolls of fog {unknown}
Potions
 d - 5 potions of might
 h - 4 potions of haste {unknown}
 j - a potion of resistance {unknown}
 k - 3 potions of agility {unknown}
 m - 5 potions of curing
 s - a potion of ambrosia {unknown}
 t - 2 potions of magic {unknown}
 u - 3 potions of brilliance {unknown}
 z - a potion of experience {unknown}
 A - 2 potions of heal wounds
 F - 3 potions of degeneration {unknown}
 H - 4 potions of flight {unknown}
 M - 2 potions of cancellation {unknown}
 V - a potion of lignification {unknown}
Books
 Q - a book of Debilitation

   Spells                             Type                      Level
   a - Corona                         Hexes                        1
   b - Slow                           Hexes                        2
   c - Inner Flame                    Hexes/Fire                   3
   d - Portal Projectile              Hexes/Translocation          3
   e - Cause Fear                     Hexes                        4
   f - Leda's Liquefaction            Hexes/Earth                  4
Comestibles
 f - 4 rations


   Skills:
 + Level 9.6 Fighting
 + Level 12.7 Axes
 + Level 10.8 Armour
 + Level 4.9 Dodging
 + Level 1.3 Stealth
 + Level 11.3 Shields
 + Level 0.3 Evocations


You had 10 spell levels left.
You didn't know any spells.

Dungeon Overview and Level Annotations

Branches:
Dungeon (10/15)            Temple (0/1) D:7            Lair (0/6) D:9
    Orc (1/2) D:10

Altars:
Gozag
Okawaru

Shops:
D:6 }   D:9 (


Innate Abilities, Weirdness & Mutations

You reflexively headbutt those who attack you in melee.
You have a pair of horns on your head.


Message History

You hit the orc but do no damage. You barely miss the orc knight.
Your shield and plate armour prevent you from hitting the orc warrior.
The orc knight hits you with an uncursed great sword!
* * * LOW HITPOINT WARNING * * *
You block the orc's attack.
Unknown command.
You hit the orc but do no damage.
You hit the orc warrior but do no damage.
You hit the orc knight but do no damage.
The orc knight hits you with an uncursed great sword!
* * * LOW HITPOINT WARNING * * *
The orc warrior barely misses you.
Unknown command.
Okay, then.
Unknown command.
You slice the orc wizard!!
You kill the orc wizard!
You closely miss the orc warrior. You barely miss the orc knight.
The orc knight hits you with an uncursed great sword!!
You die...

##.....## ### #.#
#.##...## ##...##
#.#### #.##.#.##
##'## #.##.#
#.##...##
#.#############.#.##
#......[.
#........##......##
#####)###
##.######.##.###.##
#..... ###...##
#.##.##.## #..##.
##.....####.##.oo##
#.....
.........##.##.o@#
#.....
####.##...#.##.###
#.#.#. #
#.##.#......# #.....
#.##...#.#### ###.##
#........# #...
#.######## #### #.#
####.#####
.........#


You could see an orc knight, an orc warrior and an orc.

Vanquished Creatures
  The ghost of Verendum the Grappler, a novice TrAK of Lugonu (D:9)
  A two-headed ogre (D:10)
  The ghost of DasRunzen the Skirmisher, a novice DrEE of Vehumet (D:8)
  An orc knight (D:10)
  The ghost of raikaria the Sneak, a novice DsAs of Uskayaw (D:7)
  Maurice (D:9)
  3 trolls
  2 hippogriffs
  A wyvern (D:8)
  11 yaks
  2 water moccasins (D:9)
  3 ice beasts
  6 orc warriors (D:10)
  3 phantoms
  4 sky beasts
  6 ogres
  2 wolves
  The ghost of raikaria the Conjurer, an amateur DrVM (D:4)
  A necrophage (D:9)
  3 centaurs
  A big kobold (D:10)
  10 bullfrogs
  A gnoll sergeant (D:10)
  4 scorpions
  14 killer bees
  The ghost of Iko the Shooter, a weakling MfHu (D:3)
  8 wights
  5 howler monkeys
  4 electric eels (D:9)
  6 crimson imps
  2 centaur zombies
  A quasit (D:9)
  10 hounds
  A jelly (D:6)
  3 orc priests
  A gnoll shaman (D:7)
  A bullfrog skeleton (D:10)
  5 iguanas
  3 orc wizards
  12 worker ants
  2 killer bee zombies
  2 hound zombies
  A howler monkey zombie (D:7)
  Robin (D:3)
  A howler monkey skeleton (D:10)
  10 gnolls
  16 adders
  4 shadow imps
  2 oozes
  2 adder skeletons (D:4)
  6 worms
  2 dart slugs
  3 leopard geckos
  33 orcs
  7 giant cockroaches
  12 goblins
  11 hobgoblins
  5 jackals
  4 quokkas
  A ball python (D:2)
  A ball python zombie (D:5)
  11 bats
  2 frilled lizards (D:1)
  12 kobolds
  3 quokka skeletons
  6 rats
307 creatures vanquished.

Vanquished Creatures (others)
  A worm (D:4)
  A jackal (D:4)
2 creatures vanquished.

Grand Total: 309 creatures vanquished

Notes
Turn   | Place    | Note
-------+----------+-------------------------------------------
     0 | D:1      | equalderp2856 the Minotaur Fighter began the quest for the Orb.
     0 | D:1      | Reached XP level 1. HP: 19/19 MP: 0/0
    90 | D:1      | Reached XP level 2. HP: 27/27 MP: 1/1
   603 | D:2      | Reached XP level 3. HP: 33/33 MP: 2/2
   607 | D:2      | Reached skill level 3 in Axes
   964 | D:2      | Reached XP level 4. HP: 40/40 MP: 3/3
  1102 | D:3      | Noticed Robin
  1123 | D:3      | Killed Robin
  1333 | D:3      | Reached skill level 4 in Axes
  1336 | D:3      | Reached XP level 5. HP: 42/46 MP: 4/4
  1466 | D:3      | Reached skill level 5 in Shields
  1603 | D:3      | Found an opulent altar of Gozag.
  1607 | D:3      | Noticed Iko's ghost (weakling MfHu)
  1622 | D:3      | Killed Iko's ghost
  1969 | D:4      | Reached skill level 5 in Armour
  1969 | D:4      | Reached XP level 6. HP: 34/53 MP: 5/5
  2242 | D:4      | Noticed raikaria's ghost (amateur DrVM)
  2555 | D:3      | Reached skill level 5 in Fighting
  2662 | D:4      | Killed raikaria's ghost
  2662 | D:4      | Reached XP level 7. HP: 35/61 MP: 6/6
  2966 | D:4      | Reached skill level 5 in Axes
  2966 | D:4      | Reached skill level 1 in Dodging
  3209 | D:5      | Entered Level 5 of the Dungeon
  3483 | D:5      | Noticed a hippogriff
  3807 | D:5      | Reached XP level 8. HP: 60/70 MP: 7/7
  3808 | D:5      | Reached skill level 6 in Axes
  3879 | D:5      | Killed a hippogriff
  4530 | D:6      | Reached skill level 7 in Axes
  4730 | D:6      | Found Kyosifulau's Gadget Emporium.
  4954 | D:6      | Reached XP level 9. HP: 61/79 MP: 8/8
  5841 | D:7      | Noticed raikaria's ghost (novice DsAs)
  5860 | D:7      | Reached skill level 8 in Axes
  5867 | D:7      | Killed raikaria's ghost
  5867 | D:7      | Reached skill level 9 in Axes
  6004 | D:7      | Found a staircase to the Ecumenical Temple.
  6577 | D:8      | Noticed DasRunzen's ghost (novice DrEE)
  7303 | D:9      | Found a staircase to the Lair.
  7306 | D:9      | Noticed a troll
  7687 | D:8      | HP: 4/80 [poisoned by a killer bee]
  7694 | D:8      | HP: 3/80 [poisoned by a killer bee]
  7701 | D:8      | HP: 3/80 [poisoned by a killer bee]
  7709 | D:8      | HP: 2/80 [poisoned by a killer bee]
  8064 | D:9      | Reached XP level 10. HP: 81/88 MP: 9/9
  8067 | D:9      | Reached skill level 10 in Axes
  9961 | D:9      | Noticed Verendum's ghost (novice TrAK)
 10531 | D:8      | Found an iron altar of Okawaru.
 10609 | D:8      | Reached skill level 10 in Shields
 10948 | D:9      | Reached skill level 11 in Axes
 11127 | D:9      | Reached skill level 1 in Stealth
 11131 | D:9      | Noticed Maurice
 11146 | D:9      | Killed Maurice
 12227 | D:8      | Reached XP level 11. HP: 95/95 MP: 10/10
 15193 | D:8      | Killed DasRunzen's ghost
 15193 | D:8      | Reached skill level 10 in Armour
 15801 | D:9      | Found Ates Vih's Weapon Shop.
 15840 | D:10     | Entered Level 10 of the Dungeon
 15992 | D:10     | Reached skill level 12 in Axes
 16815 | D:10     | Found a staircase to the Orcish Mines.
 16946 | D:10     | Noticed a two-headed ogre
 16952 | D:10     | Killed a two-headed ogre
 17283 | Orc:1    | Entered Level 1 of the Orcish Mines
 17503 | Orc:1    | Noticed an orc knight
 17506 | Orc:1    | Noticed an orc knight
 18063 | D:9      | Killed Verendum's ghost
 18385 | D:10     | Killed an orc knight
 18576 | D:10     | Slain by an orc knight

Skill      XL: |  1  2  3  4  5  6  7  8  9 10 11 |
---------------+----------------------------------+-----
Fighting       | 4 5 7 8 9 |  9.6
Armour         | 4 5 7 8 9 10 | 10.8
Shields        | 4 5 6 7 9 10 11 | 11.3
Axes           | 3 4 5 7 9 11 12 | 12.7
Dodging        | 1 2 3 4 |  4.9
Stealth        | 1 |  1.3
Evocations     | |  0.3

Action                   |  1- 3 |  4- 6 |  7- 9 | 10-12 || total
-------------------------+-------+-------+-------+-------++-------
Melee: War axe           |    80 |   161 |   372 |   615 ||  1228
       Headbutt          |    12 |    24 |    76 |   121 ||   233
Evoke: Wand              |       |       |       |     7 ||     7
  Use: Potion            |       |       |       |     1 ||     1
  Eat: Chunk             |       |     4 |    10 |    15 ||    29
       Ration            |       |       |     3 |     5 ||     8
Armor: Scale mail        |    56 |    89 |   144 |   141 ||   430
       Plate armour      |       |       |       |    57 ||    57
Dodge: Dodged            |    21 |    66 |   122 |   219 ||   428
Block: Shield            |    50 |   125 |   252 |   384 ||   811
